 Dungeon Crawl Stone Soup version 0.23-a0-33-g1e3a2e4e2f (webtiles) character file.

4290 Bapho the Spear-Bearer (level 10, -4/83 HPs)
             Began as a Grey Draconian Monk on Aug 5, 2018.
             Was a Priest of Kikubaaqudgha.
             Killed by divine providence
             ... invoked by an orc priest
              (16 damage)
             ... on level 9 of the Dungeon.
             The game lasted 00:16:27 (8540 turns).

Bapho the Spear-Bearer (Grey Draconian Monk)        Turns: 8540, Time: 00:16:28

Health: -4/83      AC: 19    Str: 14    XL:     10   Next: 11%
Magic:  21/26      EV: 16    Int: 14    God:    Kikubaaqudgha [***...]
Gold:   337        SH:  0    Dex: 22    Spells: 4/18 levels left

rFire    . . .     SeeInvis .   i - +0 halberd
rCold    . . .     Gourm    .   (shield currently unavailable)
rNeg     . . .     Faith    .   (armour unavailable)
rPois    .         Spirit   .   (helmet restricted)
rElec    +         Reflect  .   (no cloak)
rCorr    .         Harm     .   v - +2 pair of gloves
MR       .....                  (no boots)
Stlth    +++.......             (no amulet)
HPRegen  1.23/turn              n - +4 ring of protection
MPRegen  0.20/turn              r - ring "Kinet" {rElec MP+9 Str-3 Int+3 Dex+7}

@: regenerating
A: walk through water, unfitting armour, camouflage 1, sense surroundings 1,
strong 1, unbreathing, cold-blooded, AC +12
a: Receive Corpses, Renounce Religion


You were on level 9 of the Dungeon.
You worshipped Kikubaaqudgha.
Kikubaaqudgha was most pleased with you.
You were hungry.

You visited 2 branches of the dungeon, and saw 12 of its levels.
You also visited: Sewer.

You collected 337 gold pieces.

Inventory:

Hand Weapons
 a - a +0 spear
 i - a +0 halberd (weapon)
Missiles
 c - 131 stones (quivered)
Armour
 v - a +2 pair of gloves (worn)
Jewellery
 n - a +4 ring of protection (left hand)
 q - an uncursed ring of ice
 r - the ring "Kinet" (right hand) {rElec MP+9 Str-3 Int+3 Dex+7}
   (You found it on level 5 of the Dungeon)

   [ring of magical power]

   It affects your strength (-3).
   It affects your intelligence (+3).
   It affects your dexterity (+7).
   It insulates you from electricity.
   It affects your magic capacity (+9).
 u - an uncursed ring of protection from fire
 x - an uncursed ring of flight {unknown}
Wands
 l - a wand of acid (12)
 w - a wand of digging (15)
 z - a wand of flame (48)
 C - a wand of iceblast (9)
Scrolls
 d - 7 scrolls of identify
 f - a scroll of fear {unknown}
 g - 3 scrolls of enchant armour
 j - 2 scrolls of remove curse {unknown}
 k - 4 scrolls of teleportation {unknown}
 m - a scroll of fog {unknown}
 o - a scroll of summoning {unknown}
 p - 2 scrolls of enchant weapon {unknown}
 t - 2 scrolls of noise {unknown}
 y - a scroll of magic mapping
 A - a scroll of amnesia {unknown}
Potions
 e - a potion of berserk rage
 h - a potion of might {unknown}
Comestibles
 b - 20 rations
 B - 5 chunks of flesh


   Skills:
 - Level 5.6 Fighting
 - Level 9.5 Polearms
 - Level 4.7 Dodging
 - Level 1.7 Stealth
 + Level 4.9 Spellcasting
 + Level 3.2 Conjurations
 - Level 2.6 Charms
 * Level 6.6 Necromancy


You had 4 spell levels left.
You knew the following spells:

 Your Spells              Type           Power        Failure   Level  Hunger
a - Animate Skeleton      Necr           N/A          1%          1    None
b - Regeneration          Chrm/Necr      ###.......   8%          3    ###....
c - Pain                  Necr           ###.         1%          1    None
d - Animate Dead          Necr           N/A          12%         4    ####...
e - Bolt of Draining      Conj/Necr      ###.......   54%         5    ######.

Your spell library contained the following spells:

 Spells                   Type           Power        Failure   Level  Hunger
 Cause Fear               Hex            #.........   87%         4    ####...
 Conjure Flame            Conj/Fire      #.......     28%         3    ###....
 Slow                     Hex            #.......     26%         2    ##.....
 Freezing Cloud           Conj/Ice/Air   #.........   100%        6    #######
 Mephitic Cloud           Conj/Pois/Air  #.......     34%         3    ###....
 Ring of Flames           Chrm/Fire      #.........   100%        7    #######
 Dispel Undead            Necr           ###.....     32%         5    ######.
 Sublimation of Blood     Necr           ###.......   1%          2    ##.....
 Corona                   Hex            #......      19%         1    None
 Simulacrum               Ice/Necr       ##........   100%        6    #######
 Portal Projectile        Hex/Tloc       #.....       47%         3    ###....
 Leda's Liquefaction      Hex/Erth       #.........   87%         4    ####...
 Inner Flame              Hex/Fire       #.......     47%         3    ###....
 Poisonous Vapours        Pois/Air       #.....       26%         2    ##.....
 Borgnjor's Vile Clutch   Necr/Erth      ##........   77%         5    ######.


Dungeon Overview and Level Annotations

Branches:
Dungeon (11/15)            Temple (1/1) D:6
   Lair: D:8-11         Orc: D:9-12

Altars:
Ashenzari
Cheibriados
Dithmenos
Elyvilon
Fedhas
Gozag
Hepliaklqana
Kikubaaqudgha
Makhleb
Nemelex Xobeh
Okawaru
Qazlal
Ru
Sif Muna
Trog
Uskayaw
Wu Jian
Xom
Yredelemnul
Zin
The Shining One


Innate Abilities, Weirdness & Mutations

You can walk through water.
Your dull iron-grey scales are very hard. (AC +12)
You cannot fit into any form of body armour.
You can survive without breathing.
You are cold-blooded and may be slowed by cold attacks.
Your skin changes colour to match your surroundings (Stealth+).
You passively map a small area around you.
Your muscles are strong. (Str +2)


Message History

* * * LOW HITPOINT WARNING * * *
The orc priest mumbles some strange prayers to Beogh against you.
Beogh smites you!
* * * LOW HITPOINT WARNING * * *
Casting: Regeneration (safe; 8% risk of failure)
Confirm with . or Enter, or press ? or * to list all spells.
Your skin crawls.
You are feeling hungry.
The orc wizard mumbles some strange words.
The orc wizard blinks!
The orc priest closely misses you.
Unknown command.
The orc wizard casts a spell.
The orc wizard blinks!
Your magical contamination has completely faded away.
You hit the orc priest.
The orc priest is almost dead.
The orc priest invokes the aid of Beogh against you.
Beogh smites you!
You die...
Kikubaaqudgha rasps: "You have failed me!
Welcome... death!"

* #..* *
⌠...###...⌠ .. *
, , .......... ,,
##. , **
..^<....# ,
.....# , , * * *
##.⌠.##
###)...(### , ,
,,
###...(§....##* ,
###.....(.......#
. , *
#.@.o)..###...⌠.+
,


oo. #o#...### ##...# .(oYh#####Y##.## .## * ,,#YY.Y†YY...# .. , #.########## *#
, * * ,* ,* , * You could see 3 yaks, an orc priest and an orc wizard.

Vanquished Creatures
  Prince Ribbit (D:8)
  3 hippogriffs
  3 hungry ghosts
  A warg (D:9)
  A water moccasin (D:6)
  Purgy (Sewer)
  3 ice beasts
  An orc warrior (D:9)
  A phantom (D:8)
  A sky beast (D:6)
  A black bear (D:7)
  An eye of draining (D:7)
  7 ogres
  A centaur (D:9)
  5 bullfrogs
  A gnoll sergeant (D:6)
  4 scorpions
  A water moccasin skeleton (D:8)
  2 howler monkeys
  3 wights (D:7)
  A crimson imp (D:6)
  A centaur zombie (D:5)
  2 hounds (D:7)
  An orc priest (D:6)
  3 centaur skeletons
  An orc wizard (D:8)
  2 jellies
  An iguana (D:6)
  3 worker ants
  A hound skeleton (D:5)
  A worker ant zombie (D:6)
  A howler monkey zombie (D:6)
  3 adders
  9 gnolls
  2 oozes
  2 adder zombies
  2 adder skeletons
  6 worms
  3 dart slugs
  4 leopard geckos
  14 orcs
  6 giant cockroaches
  2 gnoll zombies (D:3)
  7 goblins
  6 hobgoblins
  9 jackals
  9 quokkas
  3 ball pythons
  11 bats
  5 frilled lizards
  A jackal skeleton (D:5)
  6 kobolds
  A leopard gecko skeleton (D:5)
  A quokka skeleton (D:4)
  A quokka zombie (D:3)
  11 rats
184 creatures vanquished.

Vanquished Creatures (collateral kills)
  An orc priest (D:9)
  An iguana (D:6)
  A worker ant zombie (D:6)
3 creatures vanquished.

Grand Total: 187 creatures vanquished

Notes
Turn   | Place    | Note
-------+----------+-------------------------------------------
     0 | D:1      | Bapho the Draconian Monk began the quest for the Orb.
     0 | D:1      | Reached XP level 1. HP: 19/19 MP: 1/1
   194 | D:1      | Reached XP level 2. HP: 14/26 MP: 2/2
   645 | D:1      | Reached XP level 3. HP: 31/31 MP: 3/3
  1146 | D:2      | Found a white marble altar of Elyvilon.
  1344 | D:2      | Reached skill level 4 in Polearms
  1672 | D:3      | Reached XP level 4. HP: 40/40 MP: 4/4
  1689 | D:3      | Found a glowing drain.
  1715 | Sewer    | Entered a sewer
  1753 | Sewer    | Noticed Purgy
  1756 | Sewer    | Gained mutation: Your skin changes colour to match your surroundings (Stealth+). [potion of mutation]
  1756 | Sewer    | Gained mutation: Your muscles are strong. (Str +2) [potion of mutation]
  1756 | Sewer    | Gained mutation: You passively map a small area around you. [potion of mutation]
  1799 | Sewer    | Killed Purgy
  1799 | Sewer    | Reached XP level 5. HP: 18/47 MP: 5/5
  2275 | D:3      | Found a basalt altar of Yredelemnul.
  2435 | D:3      | Found a glowing silver altar of Zin.
  2446 | D:3      | Found a shattered altar of Ashenzari.
  2450 | D:3      | Found a hazy altar of Hepliaklqana.
  2451 | D:3      | Found a glowing golden altar of the Shining One.
  2455 | D:3      | Found an opulent altar of Gozag.
  2457 | D:3      | Found a shimmering altar of Xom.
  2881 | D:3      | Reached skill level 5 in Polearms
  3266 | D:4      | Reached XP level 6. HP: 53/53 MP: 6/6
  3703 | D:5      | Entered Level 5 of the Dungeon
  3732 | D:5      | Got a warped tin ring
  3996 | D:5      | Found an ornate altar of the Wu Jian Council.
  4021 | D:5      | Reached skill level 5 in Fighting
  4021 | D:5      | Reached skill level 6 in Polearms
  4122 | D:5      | Your scales start taking on a dull iron-grey colour.
  4122 | D:5      | Reached XP level 7. HP: 38/61 MP: 7/7
  4122 | D:5      | Gained mutation: You can survive without breathing. [Grey Draconian growth]
  4348 | D:5      | Found a burning altar of Makhleb.
  5143 | D:6      | Identified the ring "Kinet" {rElec MP+9 Str-3 Int+3 Dex+7} (You found it on level 5 of the Dungeon)
  5163 | D:6      | Reached skill level 7 in Polearms
  5228 | D:6      | Reached XP level 8. HP: 66/70 MP: 8/8
  5254 | D:6      | Found an opulent altar of Gozag.
  5395 | D:6      | Found a staircase to the Ecumenical Temple.
  5403 | Temple   | Entered the Ecumenical Temple
  5505 | Temple   | Became a worshipper of Kikubaaqudgha
  5505 | Temple   | Reached * piety under Kikubaaqudgha
  5505 | Temple   | Identified Kikubaaqudgha's Almanac of Dark Rites (Kikubaaqudgha gifted it to you in the Ecumenical Temple)
  5505 | Temple   | Received a gift from Kikubaaqudgha
  5505 | Temple   | Reached ** piety under Kikubaaqudgha
  5513 | Temple   | Learned a level 1 spell: Animate Skeleton
  5517 | Temple   | Learned a level 3 spell: Regeneration
  5519 | Temple   | Learned a level 1 spell: Pain
  5579 | D:6      | Reached skill level 8 in Polearms
  5771 | D:6      | Reached skill level 1 in Necromancy
  5857 | D:6      | Found a deep blue altar of Sif Muna.
  6017 | D:7      | Noticed a hippogriff
  6026 | D:6      | Reached skill level 1 in Spellcasting
  6026 | D:6      | Reached skill level 1 in Charms
  6477 | D:6      | Killed a hippogriff
  6607 | D:7      | Noticed a hippogriff
  6619 | D:7      | Killed a hippogriff
  6619 | D:7      | Reached XP level 9. HP: 67/75 MP: 12/12
  6771 | D:7      | Reached skill level 9 in Polearms
  6947 | D:7      | Found an iron altar of Okawaru.
  7084 | D:7      | Reached *** piety under Kikubaaqudgha
  7084 | D:7      | Identified Kikubaaqudgha's Guide on Evil Rites (Kikubaaqudgha gifted it to you on level 7 of the Dungeon)
  7084 | D:7      | Received a gift from Kikubaaqudgha
  7099 | D:7      | Learned a level 4 spell: Animate Dead
  7105 | D:7      | Learned a level 5 spell: Bolt of Draining
  7206 | D:8      | Reached skill level 1 in Conjurations
  7301 | D:8      | Reached skill level 5 in Necromancy
  7349 | D:8      | You fall through a shaft for 3 floors!
  7352 | D:11     | Noticed a troll
  7357 | D:10     | Entered Level 10 of the Dungeon
  7547 | D:8      | Noticed Prince Ribbit
  7558 | D:8      | Killed Prince Ribbit
  8181 | D:8      | Reached XP level 10. HP: 76/83 MP: 17/17
  8540 | D:9      | Killed from afar by an orc priest

Vault maps used:
D:1:      dpeg_arrival_simpleton_a, grunt_decor_resistance,
          minmay_misc_feat_ornament
D:2:      old_standard_altar, first_ration
D:3:      lemuel_zombie_altar_yredelemnul, minitemple, portal_sewer_entry_a,
          minmay_misc_feat_secret_circle
D:4:      cheibrodos_quashed, minivault_4
D:5:      kennysheep_mini, lemuel_coloured_pillars_altar
D:6:      led_sif_pool, temple_statues, minmay_misc_feat_pillars,
          nicolae_gozag_cash_rules_everything_around_me
D:7:      lemuel_doored_altar, grunt_ogre_cave
D:8:      uniq_prince_ribbit1
D:9:      minmay_shrinking_squares, nicolae_overflow_crystal_walls,
          erik_lair_orcish_takeover, serial_shops, shop, grunt_ministairs_13
D:10:     serial_shops, nicolae_shop_behind_doors, shop,
          nicolae_shop_behind_doors, shop, shop_fountains
D:11:     minmay_tri_box
Temple:   jpeg_temple_island
Sewer:    sewer_big_baddie

Skill      XL: |  1  2  3  4  5  6  7  8  9 10 |
---------------+-------------------------------+-----
Dodging        | 3 4 |  4.7
Polearms       | 4 5 6 7 8 9 |  9.5
Fighting       | 4 5 |  5.6
Necromancy     | 4 6 |  6.6
Spellcasting   | 2 4 |  4.9
Charms         | 2 |  2.6
Conjurations   | 2 3 |  3.2
Stealth        | |  1.7

Action                   |  1- 3 |  4- 6 |  7- 9 | 10-12 || total
-------------------------+-------+-------+-------+-------++-------
Melee: Spear             |   124 |   172 |       |       ||   296
       Tailslap          |    11 |    22 |    45 |    11 ||    89
       Halberd           |       |    47 |   325 |    51 ||   423
Throw: Stone             |    94 |   106 |   131 |     2 ||   333
 Cast: Animate Skeleton  |       |       |    13 |     2 ||    15
       Pain              |       |       |     6 |       ||     6
       Regeneration      |       |       |     2 |     3 ||     5
  Use: Scroll            |     6 |       |       |       ||     6
       Potion            |       |     4 |       |     1 ||     5
 Stab: Sleeping          |     1 |       |     3 |     1 ||     5
       Distracted        |       |       |     2 |       ||     2
  Eat: Chunk             |     2 |     8 |    14 |     2 ||    26
       Ration            |       |       |     1 |       ||     1
Armor: Skin              |    17 |    75 |   148 |    19 ||   259
Dodge: Dodged            |    47 |   161 |   256 |    40 ||   504

Table legend:
 A = Spawn XP
 B = Non-spawn XP
 C = Spawn XP percentage of total XP
 D = Spawn monster count
 E = Non-spawn monster count
 F = Spawn count percentage of total count
 G = Total turns spent on level
                    A         B        C        D         E        F      G
               +---------+---------+-------+---------+---------+-------+---------
         Total |       0 |    6129 |   0.0 |       0 |     187 |   0.0 |  8540
               +---------+---------+-------+---------+---------+-------+---------
           D:1 |       0 |      42 |   0.0 |       0 |      17 |   0.0 |   831
           D:2 |       0 |      44 |   0.0 |       0 |      20 |   0.0 |   782
           D:3 |       0 |      74 |   0.0 |       0 |      30 |   0.0 |  1159
           D:4 |       0 |     114 |   0.0 |       0 |      18 |   0.0 |   597
           D:5 |       0 |     524 |   0.0 |       0 |      12 |   0.0 |  1251
           D:6 |       0 |    1602 |   0.0 |       0 |      36 |   0.0 |  1484
           D:7 |       0 |    1383 |   0.0 |       0 |      21 |   0.0 |   633
           D:8 |       0 |    1633 |   0.0 |       0 |      20 |   0.0 |  1149
           D:9 |       0 |     564 |   0.0 |       0 |       7 |   0.0 |   181
         Sewer |       0 |     149 |   0.0 |       0 |       6 |   0.0 |   334
               +---------+---------+-------+---------+---------+-------+---------
